 Dungeon Crawl Stone Soup version 0.21.1-1-g345015f (webtiles) character file.

1092 letownia2 the Charmwright (level 8, -3/63 HPs)
             Began as a Gnoll Skald on Feb 27, 2018.
             Was an Initiate of Cheibriados.
             Slain by a quokka (4 damage)
             ... on level 8 of the Dungeon.
             The game lasted 00:10:33 (1842 turns).

letownia2 the Charmwright (Gnoll Skald)             Turns: 1842, Time: 00:10:34

Health: -3/63      AC:  4    Str: 14    XL:     8   Next: 31%
Magic:  2/16       EV: 15    Int: 19    God:    Cheibriados [......]
Gold:   159        SH:  3    Dex: 16    Spells: 7/18 levels left

rFire    . . .     SeeInvis .   a - +0 spear
rCold    + . .     Gourm    .   (no shield)
rNeg     . . .     Faith    .   t - +0 leather armour
rPois    .         Spirit   .   (no helmet)
rElec    .         Reflect  +   u - +0 cloak
rCorr    .         Harm     .   (no gloves)
MR       .....                  (no boots)
Stlth    ++........             F - +3 amulet of reflection
HPRegen  0.20/turn              (no ring)
MPRegen  0.15/turn              o - ring of protection from cold

@: singing, hasted, very quick
A: distributed training, fangs 1, strong nose
a: Bend Time, Renounce Religion


You were on level 8 of the Dungeon.
You worshipped Cheibriados.
Cheibriados was noncommittal.
You were not hungry.

You visited 2 branches of the dungeon, and saw 9 of its levels.

You collected 159 gold pieces.

Inventory:

Hand Weapons
 a - a +0 spear (weapon)
 b - a +2 quarterstaff of chaos
 k - a +0 flail
 q - a +0 trident
 v - a +2 mace of protection
Missiles
 j - 5 tomahawks (quivered)
Armour
 t - a +0 leather armour (worn)
 u - a +0 cloak (worn)
 w - a +0 pair of gloves
 y - a +0 pair of gloves
Jewellery
 e - an uncursed amulet of guardian spirit
 n - an uncursed ring of ice
 o - a ring of protection from cold (right hand)
 F - a +3 amulet of reflection (around neck)
Wands
 g - a wand of paralysis (17)
 C - a wand of random effects (15)
 D - a wand of clouds (7)
Scrolls
 f - 4 scrolls of enchant weapon {unknown}
 h - a scroll of remove curse {unknown}
 l - 2 scrolls of identify {unknown}
 p - a scroll of fear {unknown}
 A - a scroll of noise {unknown}
 B - a scroll of blinking {unknown}
 H - a scroll of immolation {unknown}
Potions
 i - a potion of ambrosia {unknown}
 m - a potion of haste
 r - a potion of resistance {unknown}
 s - 2 potions of curing {unknown}
 x - a potion of might {unknown}
 z - 2 potions of heal wounds {unknown}
 E - a potion of lignification {unknown}
 G - a potion of degeneration {unknown}
Books
 c - a book of Battle

   Spells                             Type                      Level
   a - Infusion                       Charms                       1
   b - Shroud of Golubria             Charms/Translocation         2
   c - Song of Slaying                Charms                       2
   d - Spectral Weapon                Hexes/Charms                 3
   e - Regeneration                   Charms/Necromancy            3
Comestibles
 d - 12 rations


   Skills:
 + Level 5.6 Fighting
 + Level 3.1 Short Blades
 + Level 3.1 Long Blades
 + Level 3.1 Axes
 + Level 3.1 Maces & Flails
 + Level 5.6 Polearms
 + Level 3.1 Staves
 + Level 3.1 Slings
 + Level 3.1 Bows
 + Level 3.1 Crossbows
 + Level 3.1 Throwing
 + Level 4.1 Armour
 + Level 5.6 Dodging
 + Level 3.1 Stealth
 + Level 3.1 Shields
 + Level 3.1 Unarmed Combat
 + Level 5.9 Spellcasting
 + Level 2.5 Conjurations
 + Level 2.5 Hexes
 + Level 6.0 Charms
 + Level 2.5 Summonings
 + Level 2.5 Necromancy
 + Level 2.5 Translocations
 + Level 2.5 Transmutations
 + Level 2.5 Fire Magic
 + Level 2.5 Ice Magic
 + Level 2.5 Air Magic
 + Level 2.5 Earth Magic
 + Level 2.5 Poison Magic
 + Level 3.4 Invocations
 + Level 3.1 Evocations


You had 7 spell levels left.
You knew the following spells:

 Your Spells              Type           Power        Failure   Level  Hunger
a - Infusion              Chrm           ####         1%          1    None
g - Regeneration          Chrm/Necr      ###.......   7%          3    ##.....
l - Song of Slaying       Chrm           ####....     1%          2    None
t - Shroud of Golubria    Chrm/Tloc      ###.......   3%          2    None
x - Spectral Weapon       Hex/Chrm       ###.....     7%          3    ##.....


Dungeon Overview and Level Annotations

Branches:
Dungeon (8/15)             Temple (1/1) D:5
   Lair: D:8-11

Altars:
Cheibriados
Fedhas
Gozag
Hepliaklqana
Kikubaaqudgha
Makhleb
Nemelex Xobeh
Okawaru
Qazlal
Vehumet
Wu Jian
Xom
Yredelemnul
Lugonu

Annotations:
D:7 Xelenos's ghost, novice MiMo


Innate Abilities, Weirdness & Mutations

Your experience applies equally to all skills.
You have very sharp teeth.
Your uncanny sense of smell can sniff out nearby items.


Message History

Something hits you.
* * * LOW HITPOINT WARNING * * *
The quokka barely misses you.
Unknown command.
You hit something. You bite something. The quokka bites you.
* * * LOW HITPOINT WARNING * * *
Something hits you but does no damage.
Unknown command.
You barely miss something. You bite something. The quokka barely misses you.
Unknown command.
You closely miss something. You punch something. Something hits you.
* * * LOW HITPOINT WARNING * * *
The quokka closely misses you.
Unknown command.
It was a potion of haste.
You feel yourself speed up.
Cheibriados forgives your accidental hurry, just this once.
Something hits you.
* * * LOW HITPOINT WARNING * * *
The quokka bites you.
You die...

###### ######
#.....##.....##
..............#
...............
...............
<.....†@r......
.......({......
..........<....
...........)...
...?...........
#.....##.....#.
###### #....#
....#


You could see a quokka and a friendly spectral spear.

Vanquished Creatures
  2 ogres (D:4)
  2 phantoms (D:5)
  A bullfrog (D:8)
  A wyvern skeleton (D:5)
  A crimson imp (D:7)
  3 hounds
  Crazy Yiuf (D:4)
  3 centaur skeletons (D:4)
  An orc priest (D:8)
  2 bullfrog skeletons (D:6)
  2 orc wizards
  An iguana (D:7)
  4 worker ants
  A hound zombie (D:5)
  A hound skeleton (D:4)
  A worker ant zombie (D:6)
  2 adders (D:4)
  2 shadow imps
  An ooze (D:5)
  An adder zombie (D:6)
  2 adder skeletons (D:5)
  2 worms
  2 dart slugs
  6 orcs
  A giant cockroach (D:1)
  A goblin (D:1)
  4 hobgoblins
  3 jackals (D:5)
  A kobold (D:1)
  A ball python zombie (D:5)
  A jackal skeleton (D:4)
  A quokka skeleton (D:8)
  3 rats
61 creatures vanquished.

Vanquished Creatures (others)
  2 spectral weapons
2 creatures vanquished.

Grand Total: 63 creatures vanquished

Notes
Turn   | Place    | Note
-------+----------+-------------------------------------------
     0 | D:1      | letownia2 the Gnoll Skald began the quest for the Orb.
     0 | D:1      | Reached XP level 1. HP: 20/20 MP: 6/6
    64 | D:1      | Reached XP level 2. HP: 25/26 MP: 7/7
   169 | D:2      | Found a shimmering altar of Xom.
   169 | D:2      | Found a burning altar of Makhleb.
   185 | D:3      | Learned a level 2 spell: Song of Slaying
   188 | D:3      | Learned a level 2 spell: Shroud of Golubria
   344 | D:4      | Reached skill level 5 in Spellcasting
   344 | D:4      | Reached skill level 1 in Invocations
   344 | D:4      | Reached XP level 3. HP: 31/31 MP: 3/9
   349 | D:4      | Learned a level 3 spell: Regeneration
   353 | D:4      | Learned a level 3 spell: Spectral Weapon
   439 | D:4      | Reached skill level 1 in Short Blades
   439 | D:4      | Reached skill level 1 in Long Blades
   439 | D:4      | Reached skill level 1 in Axes
   439 | D:4      | Reached skill level 1 in Maces & Flails
   439 | D:4      | Reached skill level 1 in Staves
   439 | D:4      | Reached skill level 1 in Slings
   439 | D:4      | Reached skill level 1 in Bows
   439 | D:4      | Reached skill level 1 in Crossbows
   439 | D:4      | Reached skill level 1 in Throwing
   439 | D:4      | Reached skill level 1 in Stealth
   439 | D:4      | Reached skill level 1 in Shields
   439 | D:4      | Reached skill level 1 in Unarmed Combat
   439 | D:4      | Reached skill level 1 in Evocations
   439 | D:4      | Reached XP level 4. HP: 27/38 MP: 0/11
   449 | D:4      | Noticed an ogre
   463 | D:4      | Killed an ogre
   463 | D:4      | Reached skill level 1 in Conjurations
   463 | D:4      | Reached skill level 1 in Hexes
   463 | D:4      | Reached skill level 1 in Summonings
   463 | D:4      | Reached skill level 1 in Necromancy
   463 | D:4      | Reached skill level 1 in Translocations
   463 | D:4      | Reached skill level 1 in Transmutations
   463 | D:4      | Reached skill level 1 in Fire Magic
   463 | D:4      | Reached skill level 1 in Ice Magic
   463 | D:4      | Reached skill level 1 in Air Magic
   463 | D:4      | Reached skill level 1 in Earth Magic
   463 | D:4      | Reached skill level 1 in Poison Magic
   463 | D:4      | Reached XP level 5. HP: 14/43 MP: 2/12
   582 | D:5      | Entered Level 5 of the Dungeon
   597 | D:5      | Noticed a phantom
   624 | D:4      | Found a runed door.
   631 | D:4      | Noticed Crazy Yiuf
   634 | D:4      | Paralysed by Crazy Yiuf for 2 turns
   640 | D:4      | Killed Crazy Yiuf
   640 | D:4      | Reached XP level 6. HP: 26/50 MP: 4/13
   709 | D:4      | Reached skill level 5 in Fighting
   709 | D:4      | Reached skill level 5 in Polearms
   709 | D:4      | Reached skill level 5 in Dodging
   806 | D:4      | Found a basalt altar of Yredelemnul.
   806 | D:4      | Found a stormy altar of Qazlal.
   809 | D:4      | Found a sparkling altar of Nemelex Xobeh.
   810 | D:4      | Found a blossoming altar of Fedhas.
   993 | D:5      | Reached XP level 7. HP: 36/56 MP: 4/15
  1048 | D:5      | Found an opulent altar of Gozag.
  1081 | D:5      | Found a stormy altar of Qazlal.
  1228 | D:5      | Found a staircase to the Ecumenical Temple.
  1243 | Temple   | Entered the Ecumenical Temple
  1265 | Temple   | Became a worshipper of Cheibriados the Contemplative
  1374 | D:6      | Found a radiant altar of Vehumet.
  1375 | D:6      | Found an ornate altar of the Wu Jian Council.
  1551 | D:6      | Reached XP level 8. HP: 53/63 MP: 8/16
  1596 | D:7      | Noticed Xelenos's ghost (novice MiMo)
  1620 | D:6      | Reached skill level 6 in Charms
  1841 | D:8      | HP: 3/63 [something (3)]
  1842 | D:8      | HP: 1/63 [something (2)]
  1842 | D:8      | Slain by a quokka

Skill      XL: |  1  2  3  4  5  6  7  8 |
---------------+-------------------------+-----
Spellcasting   | 5 |  5.9
Invocations    | 1 2 3 |  3.4
Short Blades   | 1 2 3 |  3.1
Long Blades    | 1 2 3 |  3.1
Axes           | 1 2 3 |  3.1
Maces & Flails | 1 2 3 |  3.1
Staves         | 1 2 3 |  3.1
Slings         | 1 2 3 |  3.1
Bows           | 1 2 3 |  3.1
Crossbows      | 1 2 3 |  3.1
Throwing       | 1 2 3 |  3.1
Stealth        | 1 2 3 |  3.1
Shields        | 1 2 3 |  3.1
Unarmed Combat | 1 2 3 |  3.1
Evocations     | 1 2 3 |  3.1
Armour         | 3 4 |  4.1
Conjurations   | 1 2 |  2.5
Hexes          | 1 2 |  2.5
Summonings     | 1 2 |  2.5
Necromancy     | 1 2 |  2.5
Translocations | 1 2 |  2.5
Transmutations | 1 2 |  2.5
Fire Magic     | 1 2 |  2.5
Ice Magic      | 1 2 |  2.5
Air Magic      | 1 2 |  2.5
Earth Magic    | 1 2 |  2.5
Poison Magic   | 1 2 |  2.5
Fighting       | 5 |  5.6
Polearms       | 5 |  5.6
Dodging        | 5 |  5.6
Charms         | 6 |  6.0

Action                   |  1- 3 |  4- 6 |  7- 9 || total
-------------------------+-------+-------+-------++-------
Melee: Spear             |    57 |    76 |    91 ||   224
       Bite              |     7 |    15 |    21 ||    43
       Quarterstaff      |       |    14 |    32 ||    46
       Punch             |       |       |     2 ||     2
Throw: Tomahawk          |       |     2 |       ||     2
 Cast: Shroud of Golubri |     3 |     9 |    13 ||    25
       Infusion          |     1 |       |       ||     1
       Spectral Weapon   |     1 |     6 |    14 ||    21
       Regeneration      |       |     3 |     5 ||     8
       Song of Slaying   |       |       |     1 ||     1
Evoke: Wand              |       |     2 |       ||     2
  Use: Potion            |       |       |     1 ||     1
 Stab: Paralysed         |       |    11 |       ||    11
       Sleeping          |       |     2 |     2 ||     4
       Distracted        |       |       |     3 ||     3
  Eat: Chunk             |       |     1 |     5 ||     6
Armor: Leather armour    |     8 |     6 |    24 ||    38
Dodge: Dodged            |    40 |    40 |    93 ||   173
Block: Other             |       |       |    10 ||    10
